AoeStats
← Barbaricci

Lombardia

509259527Analyzed
4v4 RM · 5d ago on Sep 26, 2026· 66m 58s· 8 players
Game mode
Random Map
Map size
Large (8 player)
Population
200
Speed
Normal
Resources
Standard
Victory
Conquest
Starting age
Dark Age
Ending age
Imperial Age
RankedLock teamsTeams togetherTeam positionsShared explorationLock speedFull tech treeHidden civsTurbo modeCheats
Victory
Defeat
🇲🇽 Spanish · Mexico
1011
+12
🇨🇳 Varangians · China
983
+13
🇨🇳 Japanese · China
982
+13
🇹🇼 Armenians · Taiwan
954
+14
🇲🇽 Bohemians · Mexico
964
-16
🇲🇽 Slavs · Mexico
924
-13
🇨🇴 Varangians · Colombia
919
-13
🇲🇽 Bulgarians · Mexico
827
-10
PacificKempeitai
7:54 Loom
9:47 Feudal Age
11:07 Double-Bit Axe
11:32 Loom
11:53 Horse Collar
22:04 Castle Age
22:36 Pikeman
23:16 Squires
24:30 Bow Saw
24:22 Heavy Plow
24:59 Wheelbarrow
27:20 Scale Barding Armor
27:26 Forging
27:43 Bloodlines
28:34 Town Watch
30:18 Chain Barding Armor
32:58 Gold Mining
38:07 Imperial Age
35:53 Hand Cart
38:23 Imperial Age
36:34 Stone Mining
37:20 Gold Shaft Mining
37:32 Iron Casting
36:57 Scale Mail Armor
37:08 Husbandry
36:28 Light Cavalry
39:15 Chain Mail Armor
38:49 Arson
39:32 Conscription
39:33 Kataparuto
40:29 Two-Man Saw
39:41 Caravan
39:42 Treadmill Crane
40:23 Elite Samurai
41:39 Hoardings
42:07 Blast Furnace
41:37 Plate Mail Armor
41:22 Masonry
41:26 Fortified Wall
42:53 Fletching
43:12 Siege Engineers
44:09 Chemistry
44:17 Heavy Cavalry Archer
45:03 Thumb Ring
45:23 Parthian Tactics
44:55 Bodkin Arrow
45:01 Padded Archer Armor
47:10 Siege Engineers
48:27 Bracer
48:44 Leather Archer Armor
52:40 Ring Archer Armor
52:32 Ballistics
62:14 Spies/Treason
威力古德
10:18 Feudal Age
13:50 Castle Age
13:01 Double-Bit Axe
15:57 Horse Collar
17:55 Loom
26:07 Heavy Plow
31:01 Wheelbarrow
30:58 Padded Archer Armor
30:49 Fletching
33:59 Hand Cart
35:30 Leather Archer Armor
35:10 Bodkin Arrow
35:21 Scale Barding Armor
35:27 Forging
39:36 Imperial Age
40:09 Caravan
43:30 Conscription
42:31 Vendel Legacy
43:50 Husbandry
44:03 Bloodlines
43:19 Cavalier
45:20 Chain Barding Armor
45:36 Iron Casting
45:31 Ring Archer Armor
45:02 Bracer
45:02 Scale Mail Armor
51:45 Plate Barding Armor
51:25 Chain Mail Armor
52:11 Blast Furnace
51:59 Elite Jarl
65:57 Spies/Treason
Negotiations
6:07 Loom
10:13 Feudal Age
12:36 Double-Bit Axe
12:43 Stone Mining
14:37 Wheelbarrow
15:39 Horse Collar
15:59 Town Watch
16:59 Gold Mining
23:14 Castle Age
22:27 Pikeman
24:13 Town Patrol
24:50 Fervor
26:23 Hand Cart
26:33 Squires
26:46 Fervor
27:15 Gold Shaft Mining
27:48 Bow Saw
28:22 Heavy Plow
30:47 Sanctity
35:49 Imperial Age
33:38 Scale Mail Armor
33:48 Forging
33:01 Man-at-Arms
33:02 Halberdier
33:28 Gambesons
33:29 Arson
33:50 Long Swordsman
35:06 Chain Mail Armor
36:12 Iron Casting
36:44 Fereters
37:00 Conscription
36:50 Two-Handed Swordsman
39:39 Fortified Wall
39:41 Masonry
40:57 Plate Mail Armor
42:42 Blast Furnace
41:59 Champion
44:56 Block Printing
50:37 Redemption
58:52 Treadmill Crane
60:46 Capped Ram
62:47 Siege Ram
64:26 Padded Archer Armor
64:16 Fletching
64:32 Scale Barding Armor
MadKitten 77
11:22 Feudal Age
15:16 Castle Age
16:29 Horse Collar
16:37 Double-Bit Axe
17:29 Wheelbarrow
17:16 Loom
19:04 Fletching
54:09 Bow Saw
55:47 Hand Cart
58:11 Heavy Plow
61:49 Fortified Wall
61:36 Murder Holes
61:52 Masonry
67:48 Imperial Age
65:22 Gold Mining
66:08 Scale Barding Armor
66:15 Forging
66:06 Scale Mail Armor
66:02 Bodkin Arrow
67:03 Stone Mining
67:06 Town Watch
67:14 Town Watch
KAIBIL BALAM436
0:40 Loom
11:41 Feudal Age
12:49 Double-Bit Axe
12:47 Horse Collar
17:50 Arson
20:45 Castle Age
19:23 Stone Mining
19:31 Gold Mining
ExsertSinaid
9:32 Loom
12:39 Feudal Age
20:18 Castle Age
18:07 Double-Bit Axe
18:10 Horse Collar
25:56 Wheelbarrow
25:10 Town Watch
28:45 Bow Saw
28:45 Heavy Plow
29:45 Fletching
41:10 Imperial Age
39:04 Ballistics
40:51 Chemistry
41:35 Hand Cart
41:21 Town Patrol
41:34 Forging
41:25 Scale Mail Armor
41:28 Padded Archer Armor
43:40 Wagenburg Tactics
44:23 Arrowslits
45:42 Iron Casting
45:24 Chain Mail Armor
45:04 Bodkin Arrow
44:42 Elite Hussite Wagon
45:28 Hussite Reforms
45:14 Houfnice
Neoikana
4:03 Loom
10:53 Feudal Age
11:29 Double-Bit Axe
11:24 Horse Collar
20:44 Wheelbarrow
23:17 Castle Age
21:38 Bloodlines
21:45 Man-at-Arms
23:15 Fletching
23:34 Scale Barding Armor
26:04 Chain Barding Armor
25:46 Husbandry
25:50 Heavy Plow
27:11 Bow Saw
33:36 Hand Cart
38:24 Imperial Age
37:43 Detinets
38:38 Town Watch
38:26 Capped Ram
39:47 Plate Barding Armor
41:02 Siege Engineers
40:44 Elite Boyar
42:32 Two-Man Saw
45:13 Forging
50:16 Iron Casting
51:26 Blast Furnace
53:20 Conscription
53:27 Conscription
53:29 Light Cavalry
55:43 Murder Holes
61:57 Hussar
Barbaricci
11:51 Feudal Age
12:27 Double-Bit Axe
13:22 Loom
13:21 Horse Collar
17:28 Castle Age
19:41 Bow Saw
20:14 Heavy Plow
24:29 Wheelbarrow
25:25 Husbandry
25:35 Bloodlines
31:52 Imperial Age
29:21 Gold Mining
29:35 Stone Mining
30:16 Fletching
30:32 Scale Barding Armor
30:38 Forging
30:31 Scale Mail Armor
31:10 Hand Cart
32:05 Chain Barding Armor
32:06 Gothikon
32:58 Squires
32:43 Arson
34:14 Chemistry
33:59 Elite Varangian Guard
36:31 Chain Mail Armor
37:11 Conscription
38:18 Iron Casting
39:54 Blast Furnace
39:30 Plate Barding Armor
39:26 Plate Mail Armor
39:19 Elite Jarl
46:23 Devotion
Connection lost

Rejoining the realm…

Still unreachable

The connection could not be restored.

Session expired

The server has moved on; the page needs a fresh start.